 Dungeon Crawl Stone Soup version 0.29.1-15-g9cfb28693d (webtiles) character file.

Game seed: 13172636134084716646

196 Peloso the Slasher (level 5, 0/47 HPs)
             Began as a Minotaur Fighter on Apr 8, 2023.
             Slain by a gnoll bouda
             ... wielding a +0 whip
              (2 damage)
             ... on level 5 of the Dungeon.
             The game lasted 00:08:13 (3447 turns).

Peloso the Slasher (Minotaur Fighter)               Turns: 3447, Time: 00:08:14

Health: 0/47       AC: 13    Str: 27    XL:     5   Next: 45%
Magic:  4/4        EV:  9    Int:  5    God:
Gold:   224        SH:  4    Dex: 11    Spells: 4/4 levels left

rFire   . . .      SeeInvis .   a - +0 long sword
rCold   . . .      Faith    .   d - +0 buckler
rNeg    . . .      Spirit   .   c - +0 chain mail
rPois   .          Reflect  .   (helmet restricted)
rElec   .          Harm     .   (no cloak)
rCorr   .          Rampage  .   (no gloves)
Will    .....      Clarity  +   (no boots)
Stlth   ..........              q - amulet of regeneration
HPRegen 0.95/turn               i - +4 ring of protection
MPRegen 0.09/turn               h - +6 ring of strength

@: attractive
A: horns 2, retaliatory headbutt, clarity, sturdy frame 1
a: no special abilities


You were on level 5 of the Dungeon.
You visited 1 branch of the dungeon, and saw 5 of its levels.

You collected 224 gold pieces.

Inventory:

Hand Weapons
 a - a +0 long sword (weapon)
Armour
 b - a +0 scale mail
 c - a +0 chain mail (worn)
 d - a +0 buckler (worn)
Jewellery
 f - a ring of poison resistance
 h - a +6 ring of strength (right hand)
 i - a +4 ring of protection (left hand)
 q - an amulet of regeneration (around neck)
Wands
 j - a wand of polymorph (12)
Scrolls
 g - 2 scrolls of blinking {unknown}
 l - a scroll of amnesia {unknown}
 m - a scroll of enchant armour {unknown}
 r - a scroll of poison {unknown}
 s - a scroll of magic mapping {unknown}
Potions
 e - 2 potions of mutation
 k - a potion of ambrosia {unknown}
 n - a potion of attraction
 o - a potion of might


   Skills:
 + Level 4.5 Fighting
 + Level 4.8 Long Blades
 + Level 4.6 Armour
 + Level 1.0 Dodging
 + Level 0.7 Stealth
 + Level 4.1 Shields


You had 4 spell levels left.
You didn't know any spells.
Your spell library contained the following spells:

 Spells                   Type           Power      Damage    Failure   Level
 Apportation              Tloc           0%         N/A       95%         1
 Shock                    Conj/Air       0%         1d3       95%         1
 Summon Small Mammal      Summ           0%         N/A       95%         1
 Scorch                   Fire           0%         2d5       98%         2
 Call Canine Familiar     Summ           0%         N/A       100%        3
 Summon Guardian Golem    Hex/Summ       0%         N/A       100%        3
 Swiftness                Air            0%         N/A       100%        3
 Airstrike                Air            0%         2d(0-16)  100%        4
 Flame Wave               Conj/Fire      0%         2d4       100%        4
 Alistair's Intoxication  Tmut/Pois      0%         N/A       100%        5
 Summon Cactus Giant      Summ           0%         N/A       100%        6


Dungeon Overview and Level Annotations

Branches:
Dungeon (5/15)
 Temple: D:4-7

Altars:
Fedhas
Makhleb
Nemelex Xobeh
Qazlal
Sif Muna
Vehumet
Zin

Shops:
D:3 ((!(=


Innate Abilities, Weirdness & Mutations

You have a pair of horns on your head.
You reflexively headbutt those who attack you in melee.
You possess an exceptional clarity of mind.
Your movements are slightly less encumbered by armour. (ER -2)


Message History

It was a potion of curing.
You feel better. The gnoll closely misses you.
The gnoll hits you but does no damage. The gnoll is attracted toward you.
The gnoll completely misses you.
The gnoll bouda hits you with a +0 whip.
* * * LOW HITPOINT WARNING * * *
The gnoll is attracted toward you. x3
The gnoll bouda attacks as you move away!
The gnoll bouda barely misses you. The gnoll hits you but does no damage.
The gnoll bouda gazes fiercely through you!
You feel as though you will be weak longer.
The gnoll is attracted toward you.
The gnoll bouda barks out a call to the hunt!
The gnoll picks up the pace!
The gnoll bouda is attracted toward you.
The gnoll is attracted toward you. The gnoll is attracted toward you. x2
There is a stone staircase leading down here.
The gnoll hits you but does no damage. The gnoll barely misses you.
The gnoll bouda hits you with a +0 whip.
* * * LOW HITPOINT WARNING * * *
You climb downwards.
There is a stone staircase leading up here.
You hit the gnoll bouda.
The gnoll bouda is lightly wounded.
The gnoll bouda hits you with a +0 whip.
* * * LOW HITPOINT WARNING * * *
Okay, then.
Unknown command.
You hit the gnoll bouda but do no damage.
The gnoll bouda is lightly wounded.
The gnoll bouda barely misses you.
You barely miss the gnoll bouda.
The gnoll bouda is lightly wounded.
Your attacks no longer feel as feeble.
The gnoll bouda hits you with a +0 whip!
* * * LOW HITPOINT WARNING * * *
You barely miss the gnoll bouda.
The gnoll bouda is lightly wounded.
The gnoll bouda hits you with a +0 whip.
You die... .########## ......g@..# .########.# .# .# .# .. #

You could see a gnoll bouda.

Vanquished Creatures
  An orc wizard (D:3)
  Robin (D:2)
  6 adders
  A worm (D:3)
  3 dart slugs
  8 orcs
  2 bats
  10 endoplasms
  11 goblins
  10 hobgoblins
  4 jackals (D:1)
  5 quokkas
  6 ball pythons
  7 frilled lizards
  4 kobolds
  6 rats
85 creatures vanquished.

Notes
Turn   | Place    | Note
-------+----------+-------------------------------------------
     0 | D:1      | Peloso the Minotaur Fighter began the quest for the Orb.
     0 | D:1      | Reached XP level 1. HP: 19/19 MP: 0/0
   256 | D:1      | Reached XP level 2. HP: 27/27 MP: 1/1
   518 | D:1      | Reached XP level 3. HP: 29/33 MP: 2/2
   559 | D:1      | Found a faded altar of an unknown god.
   930 | D:1      | Gained mutation: You possess an exceptional clarity of
                  | mind. [potion of mutation]
   930 | D:1      | Gained mutation: Your movements are slightly less
                  | encumbered by armour. (ER -2) [potion of mutation]
  1391 | D:2      | Noticed Robin
  1403 | D:2      | Killed Robin
  1404 | D:2      | Reached XP level 4. HP: 25/40 MP: 3/3
  1950 | D:3      | Found a glowing silver altar of Zin.
  1964 | D:3      | Found a blossoming altar of Fedhas.
  1964 | D:3      | Found a stormy altar of Qazlal.
  2047 | D:3      | Found Vakimoc's Distillery.
  2049 | D:3      | Found a sparkling altar of Nemelex Xobeh.
  2050 | D:3      | Found a burning altar of Makhleb.
  2067 | D:3      | Found a shimmering blue altar of Sif Muna.
  2070 | D:3      | Found a radiant altar of Vehumet.
  2301 | D:3      | Found Saaskami's Weapon Shoppe.
  2306 | D:3      | Found Oparir's Weapon Shoppe.
  2449 | D:3      | Found Qufamp's Weapon Boutique.
  2572 | D:3      | Reached XP level 5. HP: 11/46 MP: 4/4
  2820 | D:3      | Found Zurryq's Jewellery Emporium.
  2842 | D:3      | Reached skill level 1 in Dodging
  3436 | D:4      | HP: 2/47 [gnoll/+0 spear[a gnoll bouda] (3)]
  3443 | D:5      | Entered Level 5 of the Dungeon
  3446 | D:5      | HP: 1/47 [gnoll bouda/+0 whip (7)]
  3447 | D:5      | Slain by a gnoll bouda

Illustrated notes

Levels and vault maps discovered:
D:1:      elethiomel_arrival_quiet, layout_loops_ring,
          dreamdust_ecumenical_altar_grove, minivault_27, minmay_pentomino_v2
D:2:      layout_basic, dk_noncrumbling_3, uniq_robin
D:3:      layout_rooms, grunt_temple_overflow_open, serial_shops,
          nicolae_shop_crystal, nicolae_shop_bloodbath_and_beyond, shop,
          nicolae_shop_window_shopping, shop, chequers_garden,
          minmay_increasing_density
D:4:      layout_loops_cross
D:5:      layout_loops_ring, temple_statues, serial_shops, shop_coins

Skill      XL: |  1  2  3  4  5 |
---------------+----------------+-----
Armour         | 4 |  4.6
Shields        | 4 |  4.1
Long Blades    | 3 4 |  4.8
Fighting       | 4 |  4.5
Dodging        | 1 |  1.0
Stealth        | |  0.7

Action                   |  1- 3 |  4- 6 || total
-------------------------+-------+-------++-------
Melee: Long sword        |    79 |   115 ||   194
       Headbutt          |     8 |    13 ||    21
  Use: Scroll            |     2 |       ||     2
       Potion            |     1 |     2 ||     3
Armor: Scale mail        |    43 |    54 ||    97
       Chain mail        |       |    10 ||    10
Dodge: Dodged            |    41 |    72 ||   113
Block: Buckler           |    21 |    31 ||    52
